 Dungeon Crawl Stone Soup version 0.25-a0-781-gc44aebf4fe (webtiles) character file.

Game seed: 13794068889319717039, levelgen mode: deterministic

42 Heliosone the Poker (level 3, -4/28 HPs)
             Began as a Demonspawn Gladiator on Apr 16, 2020.
             Killed from afar by Natasha (7 damage)
             ... with a magic dart
             ... on level 2 of the Dungeon.
             The game lasted 00:03:01 (1401 turns).

Heliosone the Poker (Demonspawn Gladiator)          Turns: 1401, Time: 00:03:02

Health: -4/28      AC:  6    Str: 14    XL:     3   Next: 33%
Magic:  3/3        EV: 11    Int: 10    God:
Gold:   43         SH:  0    Dex: 14    Spells: 2/2 levels left

rFire    x . .     SeeInvis .   a - +0 trident
rCold    + + .     Gourm    .   (no shield)
rNeg     . . .     Faith    .   g - +0 ring mail
rPois    .         Spirit   .   c - +0 helmet
rElec    .         Reflect  .   (no cloak)
rCorr    .         Harm     .   (no gloves)
MR       .....                  (no boots)
Stlth    +.........             (no amulet)
HPRegen  0.09/turn              e - ring of ice
MPRegen  0.08/turn              (no ring)

@: slowed, very slow
A: cold resistance 1
a: no special abilities


You were on level 2 of the Dungeon.
You were not hungry.

You visited 1 branch of the dungeon, and saw 2 of its levels.

You collected 43 gold pieces.

Inventory:

Hand Weapons
 a - a +0 trident (weapon)
Missiles
 d - 3 throwing nets
 l - an atropa-tipped dart (quivered)
Armour
 b - a +0 leather armour
 c - a +0 helmet (worn)
 g - a +0 ring mail (worn)
Jewellery
 e - a ring of ice (left hand)
Scrolls
 i - 3 scrolls of identify {unknown}
 j - a scroll of magic mapping {unknown}
Potions
 k - a potion of degeneration {unknown}
 m - a potion of mutation {unknown}
 n - a potion of ambrosia {unknown}
Comestibles
 f - 3 rations
 h - a chunk of flesh


   Skills:
 + Level 2.7 Fighting
 + Level 3.2 Polearms
 - Level 1.7 Throwing
 + Level 1.3 Armour
 - Level 2.6 Dodging


You had 2 spell levels left.
You didn't know any spells.
Your spell library was empty.

Dungeon Overview and Level Annotations

Branches:
Dungeon (2/15)

Altars:

Annotations:
D:2 Natasha


Innate Abilities, Weirdness & Mutations

Your flesh is cold resistant. (rC+)


Message History

Natasha closely misses you. Natasha claws you.
* * * LOW HITPOINT WARNING * * *
You closely miss Natasha.
Natasha is severely wounded.
Natasha misses you.
You hit Natasha.
Natasha is severely wounded.
Natasha completely misses you. Natasha claws you.
* * * LOW HITPOINT WARNING * * *
You miss Natasha.
Natasha is severely wounded.
Natasha claws you but does no damage.
Natasha mumbles some strange words.
You closely miss Natasha.
Natasha is severely wounded.
Natasha claws you.
* * * LOW HITPOINT WARNING * * *
Natasha stares at you and mumbles some strange words.
The magic dart hits you!
You die...

##...###....รท#
#..## ####..#
#..# #..# #..#
#..# #..# #..#
#..# #..#
#..#### #..#
#.....# #..#
##.##@# #.##h#
#.##5.......
#.......h...
###.........
#.(.......
#.#.(..... #.
....... #.
.......


You could see Natasha and a shadow imp.

Vanquished Creatures
  An adder (D:2)
  A dart slug (D:1)
  A leopard gecko (D:1)
  A ball python (D:1)
  3 giant cockroaches (D:1)
  2 goblins
  A hobgoblin (D:2)
  6 kobolds
  4 bats (D:1)
  4 frilled lizards
  7 rats
31 creatures vanquished.

Notes
Turn   | Place    | Note
-------+----------+-------------------------------------------
     0 | D:1      | Heliosone the Demonspawn Gladiator began the quest for the
                  | Orb.
     0 | D:1      | Reached XP level 1. HP: 16/16 MP: 1/1
   201 | D:1      | Gained mutation: Your flesh is cold resistant. (rC+)
                  | [demonic ancestry]
   201 | D:1      | Reached XP level 2. HP: 14/22 MP: 2/2
   427 | D:1      | Reached skill level 3 in Polearms
   508 | D:1      | Reached skill level 1 in Armour
  1184 | D:2      | Found a faded altar of an unknown god.
  1254 | D:2      | Reached XP level 3. HP: 28/28 MP: 3/3
  1389 | D:2      | Noticed Natasha
  1401 | D:2      | Killed from afar by Natasha

Levels and vault maps discovered:
D:1:      dpeg_arrival_arbitrary_c, layout_basic, serial_forest,
          infiniplex_forest_lined_ring, infiniplex_forest_end_double,
          infiniplex_forest_end_1, infiniplex_forest_lined_room_2,
          infiniplex_forest_clump_small
D:2:      layout_loops_ring, nicolae_gozag_seed_capital, zin_purify,
          lemuel_round_altar, first_ration, chequers_ecumenical_altar_island,
          nicolae_dithmenos_shadow_blocks, uniq_sigmund, uniq_natasha

Skill      XL: |  1  2 |
---------------+-------+-----
Polearms       | 3 |  3.2
Armour         | 1 |  1.3
Fighting       | |  2.7
Throwing       | |  1.7
Dodging        | |  2.6

Action                   || total
-------------------------++-------
Melee: Trident           ||   132
Throw: Dart              ||     2
  Eat: Chunk             ||     2
Armor: Ring mail         ||    47
Dodge: Dodged            ||   100

Table legend:
 A = Non-vault XP
 B = Vault XP
 C = Vault XP percentage of total XP
 D = Non-vault monster count
 E = Vault monster count
 F = Vault count percentage of total count
                 A         B        C        D         E       F
            +---------+---------+-------+---------+---------+-------
      Total |      60 |       0 |   0.0 |      31 |       0 |   0.0
            +---------+---------+-------+---------+---------+-------
        D:1 |      36 |       0 |   0.0 |      22 |       0 |   0.0
        D:2 |      24 |       0 |   0.0 |       9 |       0 |   0.0
            +---------+---------+-------+---------+---------+-------
